AoeStats
← xiskuni

Scandinavia

510481437Analyzed
1v1 RM · 23h ago on Oct 1, 2026· 58m 36s· 2 players
Game mode
Random Map
Map size
Tiny (2 player)
Population
200
Speed
Normal
Resources
Standard
Victory
Conquest
Starting age
Dark Age
Ending age
Imperial Age
RankedLock teamsTeams togetherTeam positionsShared explorationLock speedFull tech treeHidden civsTurbo modeCheats
Victory
Defeat
🇺🇸 Malay · United States
769
+17
🇪🇸 Poles · Spain
783
-17
setsusara
2:55 Loom
12:43 Feudal Age
12:38 Double-Bit Axe
13:07 Arson
14:40 Fishing Lines
20:32 Wheelbarrow
21:50 Fletching
24:36 Town Watch
27:04 Forging
26:49 Gold Mining
32:39 Castle Age
31:12 Man-at-Arms
33:36 Hand Cart
33:30 Gillnets
34:01 Bodkin Arrow
34:28 Squires
35:30 Bow Saw
38:02 Iron Casting
37:29 Thalassocracy
38:47 Long Swordsman
42:34 Imperial Age
40:05 Town Patrol
41:22 Husbandry
42:38 Gold Shaft Mining
41:54 Stone Mining
42:28 Forced Levy
42:50 Conscription
42:36 Bracer
43:37 Blast Furnace
42:16 Two-Handed Swordsman
44:24 Murder Holes
44:50 Ballistics
45:31 Chemistry
44:42 Masonry
44:41 Siege Engineers
48:44 Scale Barding Armor
48:26 Elite Karambit Warrior
48:53 Elite Cannon Galleon
49:32 Elite Battle Elephant
51:30 Pikeman
52:47 Halberdier
xiskuni
11:01 Feudal Age
16:31 Castle Age
14:29 Double-Bit Axe
34:07 Imperial Age
34:59 Bow Saw
34:14 Cavalier
37:11 Lechitic Legacy
37:04 Szlachta Privileges
37:27 Scale Barding Armor
37:33 Forging
37:54 Bloodlines
42:59 Husbandry
43:26 Pikeman
51:41 Capped Ram
53:09 Man-at-Arms
55:04 Long Swordsman
55:10 Long Swordsman
55:59 Two-Handed Swordsman
Connection lost

Rejoining the realm…

Still unreachable

The connection could not be restored.

Session expired

The server has moved on; the page needs a fresh start.